 Dungeon Crawl Stone Soup version 0.26-a0-812-g31a745ddcd (webtiles) character file.

Game seed: 5082261087795173918

224 night the Skirmisher (level 6, -5/53 HPs)
             Began as a Gnoll Wanderer on Nov 15, 2020.
             Slain by Grinder (6 damage)
             ... on level 4 of the Dungeon.
             The game lasted 00:05:19 (2785 turns).

night the Skirmisher (Gnoll Wanderer)               Turns: 2785, Time: 00:05:19

Health: -5/53      AC:  8    Str: 14    XL:     6   Next: 0%
Magic:  8/8        EV:  7    Int: 18    God:
Gold:   236        SH:  0    Dex:  9    Spells: 8/8 levels left

rFire    . . .     SeeInvis .   a - +3 quarterstaff
rCold    . . .     Faith    .   (shield currently unavailable)
rNeg     . . .     Spirit   .   s - +0 chain mail (curse)
rPois    .         Reflect  .   (no helmet)
rElec    .         Harm     .   (no cloak)
rCorr    .         Rampage  .   (no gloves)
MR       .....                  (no boots)
Stlth    ..........             (no amulet)
HPRegen  0.17/turn              g - -4 ring of dexterity (curse)
MPRegen  0.11/turn              (no ring)

@: no status effects
A: distributed training, fangs 1, strong nose
a: no special abilities


You were on level 4 of the Dungeon.
You visited 1 branch of the dungeon, and saw 4 of its levels.

You collected 236 gold pieces.

Inventory:

Hand Weapons
 a - a +3 quarterstaff (weapon)
 b - a +0 short sword
 i - a +2 dagger of holy wrath
 p - a +2 vampiric hand axe
Missiles
 j - 5 poisoned darts (quivered)
 q - 2 boomerangs
Armour
 d - a +0 robe
 o - a +0 ring mail
 s - a cursed +0 chain mail (worn)
Jewellery
 g - a cursed -4 ring of dexterity (left hand)
Scrolls
 f - 7 scrolls of identify
 m - a scroll of amnesia
 r - a scroll of fear {unknown}
 t - a scroll of enchant armour {unknown}
Potions
 c - 2 potions of lignification
 e - 2 potions of cancellation
 h - 3 potions of mutation
 k - a potion of might {unknown}
 l - 2 potions of curing {unknown}
 n - a potion of ambrosia


   Skills:
 + Level 6.7 Fighting
 + Level 3.1 Short Blades
 + Level 1.7 Long Blades
 + Level 1.7 Axes
 + Level 1.7 Maces & Flails
 + Level 1.7 Polearms
 + Level 3.1 Staves
 + Level 1.7 Slings
 + Level 1.7 Bows
 + Level 1.7 Crossbows
 + Level 3.1 Throwing
 + Level 1.7 Armour
 + Level 4.9 Dodging
 + Level 2.9 Stealth
 + Level 1.7 Shields
 + Level 1.7 Unarmed Combat
 + Level 1.7 Spellcasting
 + Level 1.3 Conjurations
 + Level 1.3 Hexes
 + Level 1.3 Summonings
 + Level 1.3 Necromancy
 + Level 1.3 Translocations
 + Level 1.3 Transmutations
 + Level 1.3 Fire Magic
 + Level 1.3 Ice Magic
 + Level 1.3 Air Magic
 + Level 1.3 Earth Magic
 + Level 1.3 Poison Magic
 + Level 1.9 Invocations
 + Level 3.1 Evocations


You had 8 spell levels left.
You didn't know any spells.
Your spell library contained the following spells:

 Spells                   Type           Power        Failure   Level
 Confusing Touch          Hex            #.......     100%        3
 Gell's Gravitas          Tloc           #.........   100%        3
 Petrify                  Tmut/Erth      #.......     100%        4
 Metabolic Englaciation   Hex/Ice        #.........   100%        5
 Yara's Violent Unravell  Hex/Tmut       #.........   100%        5


Dungeon Overview and Level Annotations

Branches:
Dungeon (4/15)
 Temple: D:4-7

Altars:
Zin

Annotations:
D:4 Grinder


Innate Abilities, Weirdness & Mutations

Your experience applies equally to all skills.
You have very sharp teeth.
Your uncanny sense of smell can sniff out nearby items.


Message History

Grinder gestures at you. You resist with significant effort.
You hit Grinder.
Grinder is severely wounded.
Grinder gestures at you. Pain shoots through your body!
You hit Grinder. You bite Grinder, but do no damage.
Grinder is severely wounded.
Grinder hits you.
You writhe in agony.
* * * LOW HITPOINT WARNING * * *
You hit Grinder. Your bite misses Grinder.
Grinder is severely wounded.
Grinder hits you.
* * * LOW HITPOINT WARNING * * *
You writhe in agony.
* * * LOW HITPOINT WARNING * * *
Grinder hits you.
* * * LOW HITPOINT WARNING * * *
You writhe in agony.
You die...

# #. #.###
#.(.# #@#
#.#.# #5#
#.#.# #.#
#.#.#
##########(#
#.#.#
#....$5..((#
#.#.#
#.##########
#.#.# #.#
#.#.# #.#
########.#.#
##5##
#......<...#


You could see Grinder (very poisoned).

Vanquished Creatures
  An orc priest (D:3)
  3 orc wizards (D:3)
  2 adders (D:2)
  A worm (D:2)
  3 dart slugs
  2 leopard geckos (D:1)
  11 orcs
  A ball python (D:1)
  8 giant cockroaches
  6 goblins
  5 hobgoblins
  4 jackals (D:3)
  A quokka (D:2)
  6 bats
  2 frilled lizards
  6 kobolds
  5 rats
67 creatures vanquished.

Notes
Turn   | Place    | Note
-------+----------+-------------------------------------------
     0 | D:1      | night the Gnoll Wanderer began the quest for the Orb.
     0 | D:1      | night set off with the following items: a +2 quarterstaff,
                  | a +0 short sword, a potion of lignification, a +0 robe
     0 | D:1      | Reached XP level 1. HP: 23/23 MP: 1/1
   189 | D:1      | Reached XP level 2. HP: 28/29 MP: 2/2
   447 | D:2      | Reached XP level 3. HP: 33/35 MP: 2/4
   625 | D:2      | Reached skill level 1 in Invocations
   744 | D:2      | Reached skill level 1 in Long Blades
   744 | D:2      | Reached skill level 1 in Axes
   744 | D:2      | Reached skill level 1 in Maces & Flails
   744 | D:2      | Reached skill level 1 in Polearms
   744 | D:2      | Reached skill level 1 in Slings
   744 | D:2      | Reached skill level 1 in Bows
   744 | D:2      | Reached skill level 1 in Crossbows
   744 | D:2      | Reached skill level 1 in Armour
   744 | D:2      | Reached skill level 1 in Shields
   744 | D:2      | Reached skill level 1 in Unarmed Combat
   744 | D:2      | Reached skill level 1 in Spellcasting
  1024 | D:2      | Reached XP level 4. HP: 41/41 MP: 5/5
  1434 | D:3      | Found a glowing silver altar of Zin.
  1644 | D:3      | Reached skill level 1 in Conjurations
  1644 | D:3      | Reached skill level 1 in Hexes
  1644 | D:3      | Reached skill level 1 in Summonings
  1644 | D:3      | Reached skill level 1 in Necromancy
  1644 | D:3      | Reached skill level 1 in Translocations
  1644 | D:3      | Reached skill level 1 in Transmutations
  1644 | D:3      | Reached skill level 1 in Fire Magic
  1644 | D:3      | Reached skill level 1 in Ice Magic
  1644 | D:3      | Reached skill level 1 in Air Magic
  1644 | D:3      | Reached skill level 1 in Earth Magic
  1644 | D:3      | Reached skill level 1 in Poison Magic
  1874 | D:3      | Reached XP level 5. HP: 42/47 MP: 6/6
  2699 | D:4      | Reached XP level 6. HP: 53/53 MP: 8/8
  2739 | D:4      | Noticed Grinder
  2750 | D:4      | Paralysed by Grinder for 3 turns
  2784 | D:4      | HP: 5/53 [Grinder (4)]
  2785 | D:4      | HP: 1/53 [Grinder (4)]
  2785 | D:4      | Slain by Grinder

Illustrated notes

Levels and vault maps discovered:
D:1:      elethiomel_arrival_quiet, layout_rooms
D:2:      layout_basic
D:3:      layout_loops_ring, lemuel_crystal_altar
D:4:      layout_loops_ring, overflow_temple_1_default, enter_ossuary_3,
          uniq_grinder

Skill      XL: |  1  2  3  4  5 |
---------------+----------------+-----
Invocations    | 1 |  1.9
Long Blades    | 1 |  1.7
Axes           | 1 |  1.7
Maces & Flails | 1 |  1.7
Polearms       | 1 |  1.7
Slings         | 1 |  1.7
Bows           | 1 |  1.7
Crossbows      | 1 |  1.7
Armour         | 1 |  1.7
Shields        | 1 |  1.7
Unarmed Combat | 1 |  1.7
Spellcasting   | 1 |  1.7
Conjurations   | 1 |  1.3
Hexes          | 1 |  1.3
Summonings     | 1 |  1.3
Necromancy     | 1 |  1.3
Translocations | 1 |  1.3
Transmutations | 1 |  1.3
Fire Magic     | 1 |  1.3
Ice Magic      | 1 |  1.3
Air Magic      | 1 |  1.3
Earth Magic    | 1 |  1.3
Poison Magic   | 1 |  1.3
Short Blades   | 3 |  3.1
Staves         | 3 |  3.1
Throwing       | 3 |  3.1
Evocations     | 3 |  3.1
Fighting       | |  6.7
Dodging        | |  4.9
Stealth        | |  2.9

Action                   |  1- 3 |  4- 6 || total
-------------------------+-------+-------++-------
Melee: Quarterstaff      |    77 |   109 ||   186
       Bite              |     5 |     9 ||    14
Throw: Dart              |       |     8 ||     8
  Use: Scroll            |     7 |     3 ||    10
 Stab: Sleeping          |     2 |     1 ||     3
Armor: Robe              |     9 |       ||     9
       Ring mail         |       |    32 ||    32
       Chain mail        |       |     2 ||     2
Dodge: Dodged            |    56 |    88 ||   144

Table legend: (Time is in decaauts)
 A = Elapsed time spent in this place.
 B = Non-inter-level travel time spent in this place.
 C = Inter-level travel time spent in this place.
 D = Time resting spent in this place.
 E = Time spent auto-exploring this place.
 F = Levels seen in this place.
 G = Mean time per level.
                   A        B        C        D        E       F      G
               +--------+--------+--------+--------+--------+-----+--------+
         Total |   2814 |   2729 |     85 |    283 |   1828 |   4 |  703.5 |
       Dungeon |   2814 |   2729 |     85 |    283 |   1828 |   4 |  703.5 |
               +--------+--------+--------+--------+--------+-----+--------+

Top non-repeatable levels by time:
     D:2: 1189 daAuts
     D:3: 1067 daAuts
     D:1: 436 daAuts
     D:4: 121 daAuts
